 Dungeon Crawl Stone Soup version 0.31-a0-174-g85c54bcb58 (webtiles) character file.

Game seed: 5448572887421549464

182 qw the Chopper (level 5, -12/32 HPs)
             Began as a Gargoyle Fighter on June 15, 2023.
             Mangled by a two-headed ogre
             ... wielding a +0 giant club
              (16 damage)
             ... on level 7 of the Dungeon.
             The game lasted 00:01:14 (2999 turns).

qw the Chopper (Gargoyle Fighter)                   Turns: 2999, Time: 00:01:15

Health: -12/32     AC: 16    Str: 22    XL:     5   Next: 62%
Magic:  5/5        EV: 13    Int:  8    God:
Gold:   240        SH:  4    Dex:  9    Spells: 4/4 levels left

rFire   . . .        Y - +0 war axe
rCold   . . .        c - +0 buckler
rNeg    + . .        o - +0 chain mail
rPois   inf          (no helmet)
rElec   +            (no cloak)
rCorr   .            f - +2 pair of gloves
SInv    .            (no boots)
Will    .....        (no amulet) Stlth
                     h - +5 ring of evasion
HPRegen 0.25/turn    (no ring)
MPRegen 0.09/turn

%: no passive effects
@: no status effects
A: sickness immunity, AC +4, negative energy resistance 1, electricity
resistance, torment resistance 1, petrification resistance
a: no special abilities


You were on level 7 of the Dungeon.
You visited 2 branches of the dungeon, and saw 6 of its levels.

You collected 240 gold pieces.


Innate Abilities, Weirdness & Mutations

You are immune to sickness and miasma.
Your stone body is resilient. (AC +4)
You are immune to poison.
You resist negative energy. (rN+)
You are resistant to electric shocks. (rElec)
You are resistant to unholy torment.
You are immune to petrification.


   Skills:
 - Level 3.2 Fighting
 + Level 4.4 Axes
 - Level 2.3 Throwing
 - Level 3.2 Armour
 - Level 3.2 Shields


You had 4 spell levels left.
You didn't know any spells.
Your spell library was empty.

Inventory:

Hand Weapons
 k - a +0 whip
 Y - a +0 war axe (weapon)
Missiles
 m - 5 javelins (quivered)
Armour
 b - a +0 helmet
 c - a +0 buckler (worn)
 f - a +2 pair of gloves (worn)
 o - a +0 chain mail (worn)
Jewellery
 h - a +5 ring of evasion (left hand)
Scrolls
 a - 2 scrolls of enchant armour
 i - a scroll of identify
Potions
 d - a potion of might
 g - a potion of haste
 j - 2 potions of curing
 l - a potion of lignification {unknown}
 n - a potion of brilliance {unknown}

Dungeon Overview and Level Annotations

Branches:
Dungeon (4/15)             Temple (1/1) D:4

Altars:
Ashenzari
Cheibriados
Dithmenos
Elyvilon
Fedhas
Gozag
Hepliaklqana
Kikubaaqudgha
Makhleb
Nemelex Xobeh
Qazlal
Ru
Trog
Uskayaw
Vehumet
Wu Jian
Xom
Yredelemnul
Zin
The Shining One


Message History

Enter note: A sourceless malevolence fills the Dungeon...
You fall into a shaft and drop 3 floors!
The shaft crumbles and collapses.
Found a robe.
Waypoint 5 assigned to D:7.
Found a scroll of fear.
A two-headed ogre comes into view.
It is wielding a +0 giant club and a +0 giant spiked club.
The two-headed ogre shouts in stereo!
You throw a javelin.
The javelin pierces through the two-headed ogre.
The two-headed ogre is lightly wounded.
You hit the two-headed ogre.
The two-headed ogre is lightly wounded.
The two-headed ogre closely misses you. x2
You hit the two-headed ogre.
The two-headed ogre is lightly wounded.
The two-headed ogre hits you but does no damage.
The two-headed ogre hits you with a +0 giant spiked club!
Ouch! That really hurt!
You hit the two-headed ogre but do no damage.
The two-headed ogre is lightly wounded.
The two-headed ogre hits you with a +0 giant club.
The two-headed ogre hits you but does no damage.
You hit the two-headed ogre.
The two-headed ogre is lightly wounded.
The two-headed ogre completely misses you.
The two-headed ogre hits you but does no damage.
You hit the two-headed ogre.
The two-headed ogre is moderately wounded.
You block the two-headed ogre's attack.
The two-headed ogre hits you with a +0 giant spiked club!
You slash the two-headed ogre!
The two-headed ogre is heavily wounded.
You hit the two-headed ogre.
The two-headed ogre is heavily wounded.
The two-headed ogre misses you.
The two-headed ogre hits you with a +0 giant spiked club!
Ouch! That really hurt!
You die...

##.## ##... ##
#.... . ... .....#
#.. ###?.#. #.#
....( #.# #.O# #.#
#.###.@## #.#
#.......####.#
####.........#
#.......##.###.#.#
#.........#.......#
+.........+.......#
#.........####...##
##...?...## #.##
##.....## ..#


You could see a two-headed ogre.

Vanquished Creatures
  A scorpion (D:3)
  2 adders (D:4)
  4 gnolls (D:4)
  2 worms (D:3)
  A dart slug (D:4)
  An orc (D:3)
  5 endoplasms
  5 giant cockroaches
  6 hobgoblins
  A quokka (D:1)
  8 ball pythons
  3 bats
  3 frilled lizards
  A goblin (D:1)
  7 kobolds
  8 rats
58 creatures vanquished.

Notes
Turn   | Place    | Note
-------+----------+-------------------------------------------
     0 | D:1      | qw the Gargoyle Fighter began the quest for the Orb.
     0 | D:1      | Reached XP level 1. HP: 14/14 MP: 1/1
     0 | D:1      | 0 ||| qw: Version: 0.2-a-29-g511e9b1
     0 | D:1      | 0 ||| qw: Game counter: 5458
     0 | D:1      | 0 ||| qw: Always use a shield: true
     0 | D:1      | 0 ||| qw: God list: Okawaru
     0 | D:1      | 0 ||| qw: Allow faded altars: false
     0 | D:1      | 0 ||| qw: Do Orc after D:15 true
     0 | D:1      | 0 ||| qw: Do second Lair branch before Depths: true
     0 | D:1      | 0 ||| qw: Lair rune preference: random
     0 | D:1      | 0 ||| qw: Plans: Normal, Zot:1-4, Slime:5, God:TSO, Crypt,
                  | Tomb, Abyss, Pan, Hells, Win
     0 | D:1      | 0 ||| PLANNING D:1-11
    48 | D:1      | Reached skill level 2 in Axes
   235 | D:1      | Reached XP level 2. HP: 14/19 MP: 2/2
   276 | D:1      | 276 ||| DROPPING +0 club.
   646 | D:1      | Reached skill level 3 in Axes
   717 | D:1      | Reached XP level 3. HP: 20/23 MP: 3/3
  1022 | D:1      | 1022 ||| UPGRADING to +0 pair of gloves.
  1027 | D:1      | 1027 ||| DROPPING amulet of magic regeneration.
  1028 | D:1      | 1028 ||| UPGRADING to +5 ring of evasion.
  1029 | D:1      | 1029 ||| READING 4 scrolls labelled VADDAIT KEROSCH.
  1030 | D:1      | 1030 ||| READING 3 scrolls of enchant armour.
  1030 | D:1      | 1030 ||| ENCHANTING +0 pair of gloves.
  1031 | D:1      | 1031 ||| READING 2 scrolls of enchant armour.
  1031 | D:1      | 1031 ||| ENCHANTING +1 pair of gloves.
  1032 | D:1      | 1032 ||| READING scroll labelled LAAN YH OMO.
  1088 | D:2      | 1088 ||| Stepping ~*~*~tactically~*~*~ (stealth).
  1094 | D:2      | 1094 ||| Stepping ~*~*~tactically~*~*~ (stealth).
  1154 | D:2      | 1154 ||| Stepping ~*~*~tactically~*~*~ (stealth).
  1284 | D:2      | 1284 ||| Stepping ~*~*~tactically~*~*~ (stealth).
  1285 | D:2      | 1285 ||| Stepping ~*~*~tactically~*~*~ (stealth).
  1478 | D:2      | Found an opulent altar of Gozag.
  1604 | D:2      | 1604 ||| READING scroll labelled IVIGRA XOIQA.
  1605 | D:2      | 1605 ||| READING scroll labelled LIGOASS ICIRUO.
  1670 | D:3      | Noticed a scorpion
  1678 | D:3      | Killed a scorpion
  1679 | D:3      | Reached XP level 4. HP: 25/28 MP: 4/4
  1769 | D:3      | Found a shimmering altar of Xom.
  1770 | D:3      | Found a radiant altar of Vehumet.
  2011 | D:3      | Identified the +8 dagger "Luh Ofa" {speed, rPois Int+9}
  2027 | D:3      | 2027 ||| Stepping ~*~*~tactically~*~*~ (stealth).
  2101 | D:3      | Reached XP level 5. HP: 32/32 MP: 5/5
  2309 | D:3      | 2309 ||| UPGRADING to +0 chain mail.
  2319 | D:3      | 2319 ||| DROPPING +0 scale mail.
  2320 | D:3      | 2320 ||| READING scroll labelled FEEJIA JOUNK.
  2341 | D:3      | 2341 ||| READING scroll labelled VAONESHRE JICOPO.
  2342 | D:3      | 2342 ||| READING scroll labelled MENIUL NOUZ.
  2343 | D:3      | 2343 ||| READING 2 scrolls of identify.
  2343 | D:3      | 2343 ||| IDENTIFYING blue potion
  2540 | D:4      | Found a staircase to the Ecumenical Temple.
  2541 | D:4      | 2541 ||| PLANNING TEMPLE
  2541 | D:4      | 2541 ||| READING scroll labelled GAIG ENORARE.
  2542 | D:4      | 2542 ||| DRINKING 2 lumpy grey potions.
  2543 | D:4      | 2543 ||| READING 2 scrolls of identify.
  2543 | D:4      | 2543 ||| IDENTIFYING green potion
  2544 | D:4      | 2544 ||| DROPPING potion of enlightenment.
  2565 | Temple   | Entered the Ecumenical Temple
  2713 | Temple   | 2713 ||| PLANNING D:1-11
  2813 | D:4      | 2813 ||| Stepping ~*~*~tactically~*~*~ (stealth).
  2855 | D:4      | Reached skill level 4 in Axes
  2980 | D:4      | You fall into a shaft and drop 3 floors!
  2991 | D:7      | Noticed a two-headed ogre
  2997 | D:7      | HP: 3/32 [two-headed ogre/+0 giant club (13)]
  2999 | D:7      | Mangled by a two-headed ogre

Levels and vault maps discovered:
D:1:      dpeg_arrival_boxorama, layout_basic, grunt_decor_resistance
D:2:      layout_rooms, basic_altar
D:3:      layout_loops_cross, jmf_multi_god_temple
D:4:      layout_loops_ring, minmay_temple_entry_slanted, grunt_decor_one_mirror
D:7:      layout_loops_corners
Temple:   nicolae_temple_bog_church

Skill      XL: |  1  2  3  4  5 |
---------------+----------------+-----
Axes           | 2 3 4 |  4.4
Throwing       | 2 |  2.3
Fighting       | |  3.2
Armour         | |  3.2
Shields        | |  3.2

Action                     |  1- 3 |  4- 6 || total
---------------------------+-------+-------++-------
  Melee: War axe           |   112 |    42 ||   154
  Throw: Javelin           |     2 |    23 ||    25
    Use: Scroll            |     6 |     6 ||    12
         Potion            |       |     1 ||     1
 Armour: Scale mail        |    36 |     4 ||    40
         Chain mail        |       |    19 ||    19
  Dodge: Dodged            |    51 |    33 ||    84
  Block: Buckler           |    29 |     3 ||    32

Table legend:
 A = Non-vault XP
 B = Vault XP
 C = Vault XP percentage of total XP
 D = Non-vault monster count
 E = Vault monster count
 F = Vault count percentage of total count
                 A         B        C        D         E       F
            +---------+---------+-------+---------+---------+-------
      Total |     257 |       4 |   1.5 |      56 |       2 |   3.4
            +---------+---------+-------+---------+---------+-------
        D:1 |      38 |       0 |   0.0 |      24 |       0 |   0.0
        D:2 |      17 |       0 |   0.0 |      12 |       0 |   0.0
        D:3 |     111 |       4 |   3.5 |      11 |       2 |  15.4
        D:4 |      91 |       0 |   0.0 |       9 |       0 |   0.0
            +---------+---------+-------+---------+---------+-------
